 Dungeon Crawl Stone Soup version 0.21.1-1-g345015f (webtiles) character file.

154 LairdRich the Sneak (level 5, -8/36 HPs)
             Began as a Spriggan Enchanter on June 23, 2018.
             Killed by divine providence
             ... invoked by an orc priest
              (12 damage)
             ... on level 2 of the Dungeon.
             The game lasted 00:20:52 (5565 turns).

LairdRich the Sneak (Spriggan Enchanter)            Turns: 5565, Time: 00:20:53

Health: -8/36      AC: 22    Str:  4    XL:     5   Next: 13%
Magic:  2/10       EV:  4    Int: 17    God:
Gold:   130        SH:  0    Dex: 17    Spells: 3/9 levels left

rFire    . . .     SeeInvis +   a - +1 dagger
rCold    . . .     Gourm    .   (shield restricted)
rNeg     + + +     Faith    .   (armour currently unavailable)
rPois    +         Spirit   .   (helmet currently unavailable)
rElec    .         Reflect  .   (cloak currently unavailable)
rCorr    .         Harm     .   (gloves unavailable)
MR       .....     NoTele   +   (boots unavailable)
Stlth    ++++......             (no amulet)
HPRegen  0.12/turn              (no ring)
MPRegen  0.12/turn              (no ring)

@: tree-form, very slightly contaminated
A: very small, unfitting armour, see invisible, herbivore, slow metabolism 2
a: no special abilities


You were on level 2 of the Dungeon.
You were hungry.
You were a tree.
You visited 1 branch of the dungeon, and saw 3 of its levels.

You collected 130 gold pieces.

Inventory:

Hand Weapons
 a - a +1 dagger (weapon)
 b - a +0 hunting sling of freezing
 g - a +0 dagger
Missiles
 k - 2 throwing nets (quivered)
Armour
 i - a +0 robe
 l - a +1 robe (melded)
Scrolls
 d - 3 scrolls of identify {unknown}
 h - a scroll of blinking {unknown}
 m - a scroll of remove curse {unknown}
 o - 2 scrolls of teleportation {unknown}
Potions
 f - a potion of curing
 n - a potion of heal wounds {unknown}
Books
 c - a book of Maledictions

   Spells                             Type                      Level
   a - Corona                         Hexes                        1
   b - Ensorcelled Hibernation        Hexes/Ice                    2
   c - Confuse                        Hexes                        3
   d - Tukima's Dance                 Hexes                        3
   e - Dazzling Spray                 Conjuration/Hexes            3
Comestibles
 e - 2 rations


   Skills:
 - Level 1.1 Short Blades
 + Level 4.4 Dodging
 * Level 6.7 Stealth
 - Level 2.6 Spellcasting
 * Level 5.2 Hexes


You had 3 spell levels left.
You knew the following spells:

 Your Spells              Type           Power        Failure   Level  Hunger
a - Corona                Hex            ###....      1%          1    #......
b - Ensorcelled Hibernat  Hex/Ice        ##....       10%         2    ##.....
c - Confuse               Hex            ###.....     6%          3    ###....


Dungeon Overview and Level Annotations

Branches:
Dungeon (3/15)

Altars:
Cheibriados
Fedhas
Vehumet


Innate Abilities, Weirdness & Mutations

You are very small and have problems with some larger weapons.
You are too small for most types of armour.
You have supernaturally acute eyesight. (SInv)
You are a herbivore.
((You cover ground extremely quickly.))
You need consume almost no food.


Message History

Your +1 robe melds into your body.
Your roots penetrate the ground.
The orc priest hits you but does no damage.
The orc hits you but does no damage.
You barely miss the orc priest. The orc priest completely misses you.
You hit the orc priest but do no damage.
The orc hits you but does no damage.
The orc priest hits you but does no damage.
Unknown command.
Unknown command.
There are monsters nearby!
The orc hits you but does no damage.
The orc priest hits you but does no damage.
The orc hits you but does no damage.
The orc priest hits you but does no damage.
The orc hits you but does no damage.
The orc priest hits you but does no damage.
The orc hits you but does no damage.
The orc priest invokes the aid of Beogh against you.
Beogh smites you!
You die...

....# #.##.# ##.###.#
#.#....# ##### #.##.#
#......# #.#.#### #
#.##.# #..#######.#.# #
#.##.# #..# #...#.# #
#)##.####..# #.###.# #
#.##.#.....#####.# #.# #
#.##.#...........# #.# #
#.##....#o#####..# #.#
#.##.###..♣####..# #.#
#....# #..o...#..# #.#
####.###.........###.# #
###....................#
#
#.....###.#.......######
#####.....###.###.#.#.#
...................#..#
#####.....##.####.#.#.#
#.....##.# #.#.#.#


You could see an orc priest and an orc.

Vanquished Creatures
  Jessica (D:2)
  Terence (D:2)
  A gnoll (D:1)
  2 adders (D:2)
  An ooze (D:3)
  5 dart slugs
  A worm (D:2)
  2 leopard geckos
  2 orcs (D:3)
  A giant cockroach (D:1)
  7 goblins
  7 hobgoblins
  8 kobolds
  A quokka (D:1)
  6 bats
  5 frilled lizards
  5 rats
56 creatures vanquished.

Notes
Turn   | Place    | Note
-------+----------+-------------------------------------------
     0 | D:1      | LairdRich the Spriggan Enchanter began the quest for the Orb.
     0 | D:1      | Reached XP level 1. HP: 9/9 MP: 5/5
   316 | D:1      | Reached XP level 2. HP: 5/13 MP: 4/6
   522 | D:1      | Learned a level 2 spell: Ensorcelled Hibernation
   664 | D:1      | Reached skill level 5 in Stealth
  1418 | D:1      | Reached XP level 3. HP: 16/16 MP: 0/8
  2283 | D:2      | Learned a level 3 spell: Confuse
  3566 | D:2      | Reached XP level 4. HP: 15/21 MP: 9/9
  3705 | D:2      | Noticed Jessica
  4217 | D:2      | Noticed Terence
  4218 | D:2      | Reached skill level 6 in Stealth
  4231 | D:2      | Killed Terence
  4618 | D:2      | Killed Jessica
  4618 | D:2      | Reached skill level 5 in Hexes
  4722 | D:2      | Reached XP level 5. HP: 24/24 MP: 10/10
  4930 | D:3      | Found a snail-covered altar of Cheibriados.
  5083 | D:3      | Found a radiant altar of Vehumet.
  5385 | D:3      | Found a blossoming altar of Fedhas.
  5565 | D:2      | Killed from afar by an orc priest

Skill      XL: |  1  2  3  4 |
---------------+-------------+-----
Hexes          | 4 5 |  5.2
Stealth        | 5 6 |  6.7
Dodging        | 4 |  4.4
Short Blades   | |  1.1
Spellcasting   | |  2.6

Action                   |  1- 3 |  4- 6 || total
-------------------------+-------+-------++-------
Melee: Dagger            |    99 |    69 ||   168
 Cast: Corona            |     7 |       ||     7
       Ensorcelled Hiber |    31 |    28 ||    59
       Confuse           |       |     7 ||     7
  Use: Potion            |       |     2 ||     2
 Stab: Sleeping          |    25 |    19 ||    44
  Eat: Ration            |     1 |     2 ||     3
Armor: Robe              |    19 |     1 ||    20
       Skin              |       |     9 ||     9
Dodge: Dodged            |   107 |    59 ||   166
